 Dungeon Crawl Stone Soup version 0.30.1-11-g7821555f0a (webtiles) character file.

Game seed: 11686431417995234680

1 comborobin the Sneak (level 1, 0/19 HPs)
             Began as a Hill Orc Delver on Dec 23, 2023.
             Slain by a black bear (4 damage)
             ... on level 4 of the Dungeon.
             The game lasted 00:00:23 (100 turns).

comborobin the Sneak (Hill Orc Delver)               Turns: 100, Time: 00:00:24

Health: 0/19       AC: 11    Str: 14    XL:     1   Next: 20%
Magic:  1/1        EV:  9    Int: 16    God:
Gold:   0          SH:  0    Dex: 12    Spells: 0/0 levels left

rFire   x . .        a - +0 hand axe
rCold   . . .        (no shield)
rNeg    . . .        f - +5 scale mail of Ignis's Favour {*Slow rF- rCorr Int+6}
rPois   .            (no helmet)
rElec   .            (no cloak)
rCorr   +            (no gloves)
SInv    .            (no boots)
Will    .....        (no amulet)
Stlth   +            (no ring)
HPRegen 0.23/turn    (no ring)
MPRegen 0.07/turn

%: slow self (1%)
@: no status effects
A: no striking features
a: no special abilities


You were on level 4 of the Dungeon.
You visited 1 branch of the dungeon, and saw 3 of its levels.

Inventory:

Hand Weapons
 a - a +0 hand axe (weapon)
Armour
 b - a +0 leather armour
 f - the +5 scale mail of Ignis's Favour (worn) {*Slow rF- rCorr Int+6}
   (You found it on level 6 of the Dungeon)

   Int:       It affects your intelligence (+6).
   rF:        It makes you vulnerable to fire.
   rCorr:     It protects you from acid and corrosion.
   *Slow:     It may slow you when you take damage.
Wands
 g - a wand of digging (3)
Scrolls
 c - a scroll of fog
 d - a scroll of magic mapping
 e - a scroll of fear
 h - a scroll of teleportation {unknown}


   Skills:
 - Level 3.6 Fighting
 + Level 2.9 Axes
 - Level 1.5 Dodging
 - Level 4.1 Stealth


You couldn't memorise any spells.
You didn't know any spells.
Your spell library was empty.

Dungeon Overview and Level Annotations

Branches:
Dungeon (6/15)             Temple (0/1) D:6

Altars:


Message History

The black bear claws you.
The black bear claws you but does no damage.
The black bear bites you.
The black bear claws you but does no damage. x2
You hit the black bear but do no damage.
The black bear is moderately wounded.
The black bear bites you. The black bear closely misses you.
The black bear completely misses you.
You aren't carrying any potions.
Okay, then.
You completely miss the black bear.
The black bear is moderately wounded.
The black bear bites you but does no damage.
The black bear claws you.
The black bear claws you but does no damage.
You barely miss the black bear.
The black bear is moderately wounded.
The black bear bites you but does no damage.
The black bear barely misses you. The black bear closely misses you.
You hit the black bear.
The black bear is heavily wounded.
The black bear bites you but does no damage.
The black bear completely misses you. The black bear claws you.
You closely miss the black bear.
The black bear is heavily wounded.
The black bear closely misses you.
The black bear claws you but does no damage.
The black bear barely misses you.
You hit the black bear.
The black bear is severely wounded.
The black bear bites you.
* * * LOW HITPOINT WARNING * * *
The black bear barely misses you.
The black bear claws you but does no damage.
The black bear bites you but does no damage.
The black bear barely misses you. The black bear misses you.
You barely miss the black bear.
The black bear is severely wounded.
The black bear bites you.
You die...

#)# ##.## #.#
#.# #####.#
#.# ..##.# #.#
#.##.# #.#
#.##.#### #.#
#.......####.#
#
#.#####......#
#.#####.#
#.@#####
#..>....# #.h#
####.#### #>$#
#.# #..# #.#
#..# #.# #..#
#.# .$.# #.#
#.## #.#


You could see a black bear.

Vanquished Creatures
  A goblin (D:4)
1 creature vanquished.

Notes
Turn   | Place    | Note
-------+----------+-------------------------------------------
     0 | D:5      | comborobin the Hill Orc Delver began the quest for the Orb.
     0 | D:5      | Reached XP level 1. HP: 19/19 MP: 1/1
     1 | D:6      | Noticed a sleepcap
     1 | D:6      | Found a staircase to the Ecumenical Temple.
     2 | D:6      | Noticed a sky beast
    11 | D:6      | Identified the +5 scale mail of Ignis's Favour {*Slow rF-
                  | rCorr Int+6}
    89 | D:4      | Noticed a black bear
   100 | D:4      | Slain by a black bear

Illustrated notes

Levels and vault maps discovered:
D:4:      layout_loops_ring, nicolae_overflow_crystal_walls,
          gammafunk_ghost_smash
D:5:      layout_cave_pools, mainiacjoe_overflow_chevrons
D:6:      layout_basic, minmay_temple_entry_stoned_glass,
          nicolae_ossuary_entry_plus, ebering_ghost_reflecting_pool, uniq_edmund

Action                     || total
---------------------------++-------
  Melee: Hand axe          ||    14
    Use: Potion            ||     1
 Armour: Scale mail        ||    18
  Dodge: Dodged            ||    15
